 Dungeon Crawl Stone Soup version 0.31-a0-466-g98c9adc2b6 (webtiles) character file.

Game seed: 8032702372748683066

1527 Gargoyl the Chopper (level 8, -2/76 HPs)
             Began as a Gargoyle Berserker on Aug 5, 2023.
             Was a Priest of Trog.
             Slain by an orc warrior
             ... wielding a +1 halberd of flaming
              (5 damage)
             ... on level 6 of the Dungeon.
             The game lasted 00:04:18 (3573 turns).

Gargoyl the Chopper (Gargoyle Berserker)            Turns: 3573, Time: 00:04:19

Health: -2/76      AC: 15    Str: 21    XL:     8   Next: 85%
Magic:  8/8        EV: 22    Int:  8    God:    Trog [***...]
Gold:   312        SH:  0    Dex: 11    Spells: 7/7 levels left

rFire   . . .        a - +1 hand axe
rCold   . . .        (no shield)
rNeg    + . .        d - +0 ring mail
rPois   ∞            v - +0 helmet
rElec   +            (no cloak)
rCorr   .            (no gloves)
SInv    .            g - +1 pair of boots
Will    .....        (no amulet) Stlth
                     c - +5 ring of evasion
HPRegen 0.32/turn    x - +5 ring of evasion
MPRegen 0.11/turn

%: no passive effects
@: berserking, very quick
A: sickness immunity, AC +5, negative energy resistance 1, electricity
resistance, torment resistance 1, petrification resistance
a: Renounce Religion, Berserk, Trog's Hand


You were on level 6 of the Dungeon.
You worshipped Trog.
Trog was most pleased with you.
You visited 1 branch of the dungeon, and saw 4 of its levels.

You collected 312 gold pieces.

Inventory:

Hand Weapons
 a - a +1 hand axe (weapon)
Missiles
 s - 3 poisoned darts (quivered)
Armour
 d - a +0 ring mail (worn)
 g - a +1 pair of boots (worn)
 v - a +0 helmet (worn)
Jewellery
 c - a +5 ring of evasion (left hand)
 x - a +5 ring of evasion (right hand)
Wands
 o - a wand of mindburst (18)
 t - a wand of digging (7)
 u - a wand of polymorph (9)
 A - a wand of charming (14)
Scrolls
 b - a scroll of poison
 h - a scroll of teleportation
 j - 3 scrolls of fog {unknown}
 m - a scroll of enchant armour
 p - 3 scrolls of identify
 y - a scroll of fear
 z - a scroll of summoning {unknown}
Potions
 e - a potion of ambrosia {unknown}
 f - a potion of heal wounds {unknown}
 i - a potion of enlightenment {unknown}
 k - a potion of resistance {unknown}
 l - a potion of invisibility {unknown}
 n - a potion of degeneration {unknown}
 q - a potion of berserk rage {unknown}
 r - a potion of haste {unknown}
 w - a potion of curing {unknown}


   Skills:
 + Level 5.8 Fighting
 + Level 7.2 Axes
 + Level 5.0 Armour
 + Level 4.2 Dodging
 + Level 1.0 Stealth


You had 7 spell levels left.
You didn't know any spells.
Your spell library was empty.

Dungeon Overview and Level Annotations

Branches:
Dungeon (3/15)             Temple (0/1) D:6

Altars:
Kikubaaqudgha
Ru
Xom

Shops:
D:2 =   D:3 [


Innate Abilities, Weirdness & Mutations

You are immune to sickness and miasma.
Your stone body is resilient. (AC +5)
You are immune to poison.
You resist negative energy. (rN+)
You are resistant to electric shocks. (rElec)
You are resistant to unholy torment.
You are immune to petrification.


Message History

* * * LOW HITPOINT WARNING * * *
The orc priest invokes the aid of Beogh against you.
Beogh smites you!
* * * LOW HITPOINT WARNING * * *
You barely miss the orc warrior.
The orc warrior is severely wounded.
You miss the orc wizard.
You hit the orc priest but do no damage.
The orc warrior hits you with a +1 halberd of flaming.
* * * LOW HITPOINT WARNING * * *
The orc warrior burns you.
* * * LOW HITPOINT WARNING * * *
The orc wizard closely misses you. The orc priest barely misses you.
You closely miss the orc warrior.
The orc warrior is severely wounded.
You hit the orc priest.
You kill the orc priest!
Trog accepts your kill.
You hit the orc wizard.
Unknown command.
You closely miss the orc warrior.
The orc warrior is severely wounded.
You hit the orc wizard. The orc warrior barely misses you.
The orc wizard misses you.
Unknown command.
You barely miss the orc warrior.
The orc warrior is severely wounded.
You hit the orc wizard.
Unknown command.
You barely miss the orc warrior.
The orc warrior is severely wounded.
You hit the orc wizard.
You kill the orc wizard!
Trog accepts your kill.
Trog appreciates your killing of a magic user.
The orc warrior misses you.
You hit the orc warrior.
The orc warrior is almost dead.
The orc warrior hits you with a +1 halberd of flaming.
You die...

#....~~~~~...##.
#..#.....§~~...(.#.
#..#.......#.....#. #.#
......#'##.###
###.#######.....#.###
#..%......#.....#...#
#.........#.....#...#
+..).)...<#.....#..##
#...@o....#.....#..#.
###'#######.....####.
######.##.##
##......###
#..........# +......###
#..........# #......##.
+..........# #......#..
#..........# #......#..
##.###.##.## #......##.
#+###.#########'#######


You could see an orc warrior.

Vanquished Creatures
  Grinder (D:6)
  A steam dragon (D:6)
  A water moccasin (D:6)
  2 black bears (D:6)
  A sky beast (D:6)
  A phantom (D:6)
  2 bullfrogs (D:6)
  2 scorpions (D:6)
  A wight (D:6)
  2 hounds (D:6)
  A jelly (D:6)
  3 orc priests
  A sleepcap (D:6)
  4 orc wizards
  Robin (D:3)
  3 adders (D:6)
  A shadow imp (D:6)
  3 ufetubi (D:6)
  A worm (D:2)
  A dart slug (D:1)
  12 orcs
  5 endoplasms
  4 giant cockroaches
  14 goblins
  8 hobgoblins
  8 jackals
  A quokka (D:2)
  4 ball pythons
  3 bats
  A frilled lizard (D:3)
  2 kobolds (D:2)
  7 rats
102 creatures vanquished.

Notes
Turn   | Place    | Note
-------+----------+-------------------------------------------
     0 | D:1      | Gargoyl the Gargoyle Berserker began the quest for the Orb.
     0 | D:1      | Reached XP level 1. HP: 14/14 MP: 1/1
   293 | D:1      | Reached XP level 2. HP: 19/19 MP: 2/2
   357 | D:1      | Reached skill level 3 in Axes
   598 | D:1      | Reached XP level 3. HP: 20/24 MP: 3/3
  1022 | D:2      | Found a faded altar of an unknown god.
  1092 | D:2      | Reached ** piety under Trog
  1475 | D:2      | Found Sogaomobi's Jewellery Shoppe.
  2081 | D:3      | Reached XP level 4. HP: 29/29 MP: 4/4
  2097 | D:3      | Reached XP level 5. HP: 18/34 MP: 5/5
  2351 | D:3      | Found Moaj's Armour Shop.
  2354 | D:3      | Noticed Robin
  2359 | D:3      | Reached skill level 4 in Axes
  2369 | D:3      | Killed Robin
  2713 | D:3      | You fall into a shaft and drop 3 floors!
  2731 | D:6      | Found a staircase to the Ecumenical Temple.
  2741 | D:6      | Identified the +1 robe of Cesioshom {+Blink rElec rF+ Int+2
                  | Dex+3}
  2782 | D:6      | Noticed Grinder
  2791 | D:6      | Killed Grinder
  2792 | D:6      | Reached XP level 6. HP: 40/40 MP: 6/6
  2826 | D:6      | Reached skill level 5 in Axes
  2882 | D:6      | Noticed a water moccasin
  2891 | D:6      | Reached XP level 7. HP: 44/44 MP: 7/7
  2893 | D:6      | Reached skill level 5 in Fighting
  2930 | D:6      | Found an ancient bone altar of Kikubaaqudgha.
  2930 | D:6      | Found a shimmering altar of Xom.
  2931 | D:6      | Found a sacrificial altar of Ru.
  3031 | D:6      | Reached *** piety under Trog
  3150 | D:6      | Reached XP level 8. HP: 49/49 MP: 8/8
  3190 | D:6      | Reached skill level 6 in Axes
  3284 | D:6      | Reached skill level 1 in Stealth
  3331 | D:6      | Reached skill level 7 in Axes
  3492 | D:6      | Reached skill level 5 in Armour
  3568 | D:6      | HP: 3/76 [orc warrior/+1 halberd of flaming (3)]
  3573 | D:6      | Slain by an orc warrior

Illustrated notes

Levels and vault maps discovered:
D:1:      amcnicky_arrival_feature_with_door, layout_basic, chequers_arboretum
D:2:      layout_basic, hellmonk_ecumenical_altar_pennies_from_heaven,
          serial_shops, nicolae_shop_rolling_square, minmay_goblin_kobold_house
D:3:      cheibrodos_pilgrimage, layout_basic, serial_shops, shop, uniq_robin
D:6:      minmay_bubble_buster, layout_gridville,
          gammafunk_temple_overflow_forgotten, minmay_temple_entry_mist,
          hangedman_decor_lopped, uniq_grinder

Skill      XL: |  1  2  3  4  5  6  7  8 |
---------------+-------------------------+-----
Axes           | 3 4 5 7 |  7.2
Dodging        | 2 3 4 |  4.2
Fighting       | 4 5 |  5.8
Armour         | 3 4 5 |  5.0
Stealth        | 1 |  1.0

Action                     |  1- 3 |  4- 6 |  7- 9 || total
---------------------------+-------+-------+-------++-------
  Melee: Hand axe          |   120 |    69 |   151 ||   340
         Punch             |     2 |       |     5 ||     7
 Invoke: Berserk           |     1 |     2 |     3 ||     6
    Use: Scroll            |     7 |       |       ||     7
 Armour: Animal skin       |    27 |       |       ||    27
         Ring mail         |    17 |    44 |    47 ||   108
  Dodge: Dodged            |   128 |    84 |   222 ||   434

Table legend: (Time is in decaauts)
 A = Elapsed time spent in this place.
 B = Non-inter-level travel time spent in this place.
 C = Inter-level travel time spent in this place.
 D = Time resting spent in this place.
 E = Time spent auto-exploring this place.
 F = Levels seen in this place.
 G = Mean time per level.
                   A        B        C        D        E       F      G
               +--------+--------+--------+--------+--------+-----+--------+
         Total |   3647 |   3589 |     58 |      0 |   2644 |   4 |  911.8 |
       Dungeon |   3647 |   3589 |     58 |      0 |   2644 |   4 |  911.8 |
               +--------+--------+--------+--------+--------+-----+--------+

Top non-repeatable levels by time:
     D:2: 990 daAuts
     D:1: 897 daAuts
     D:6: 895 daAuts
     D:3: 865 daAuts
